 Dungeon Crawl Stone Soup version 0.28.0-45-g0d030f2227 (webtiles) character file.

Game seed: 16390606246197105158

231 Losyloc the Covered (level 5, 0/47 HPs)
             Began as a Minotaur Fighter on Apr 10, 2022.
             Killed from afar by a dart slug (2 damage)
             ... with a slug dart
             ... on level 3 of the Dungeon.
             The game lasted 00:35:08 (1873 turns).

Losyloc the Covered (Minotaur Fighter)              Turns: 1873, Time: 00:35:08

Health: 0/47       AC:  7    Str: 20    XL:     5   Next: 72%
Magic:  4/4        EV: 10    Int:  5    God:
Gold:   39         SH:  5    Dex: 12    Spells: 4/4 levels left

rFire   . . .      SeeInvis .   a - +0 flail
rCold   . . .      Faith    .   c - +0 buckler
rNeg    . . .      Spirit   .   b - +0 scale mail
rPois   .          Reflect  .   (helmet restricted)
rElec   .          Harm     .   (no cloak)
rCorr   .          Rampage  .   (no gloves)
Will    .....                   (no boots)
Stlth   ..........              (no amulet)
HPRegen 0.15/turn               (no ring)
MPRegen 0.09/turn               (no ring)

@: no status effects
A: horns 2, retaliatory headbutt
a: no special abilities


You were on level 3 of the Dungeon.
You visited 1 branch of the dungeon, and saw 3 of its levels.

You collected 39 gold pieces.

Inventory:

Hand Weapons
 a - a +0 flail (weapon)
 f - a +0 club
Missiles
 e - 6 poisoned darts (quivered)
 g - 38 stones
 i - 5 silver javelins
 l - 25 bolts
Armour
 b - a +0 scale mail (worn)
 c - a +0 buckler (worn)
Scrolls
 j - a scroll of fog {unknown}
Potions
 d - 2 potions of might
 k - a potion of haste {unknown}


   Skills:
 + Level 4.7 Fighting
 + Level 4.5 Maces & Flails
 + Level 4.9 Armour
 + Level 1.7 Dodging
 + Level 0.4 Stealth
 + Level 4.2 Shields


You had 4 spell levels left.
You didn't know any spells.
Your spell library was empty.

Dungeon Overview and Level Annotations

Branches:
Dungeon (3/15)

Altars:


Innate Abilities, Weirdness & Mutations

You have a pair of horns on your head.
You reflexively headbutt those who attack you in melee.


Message History

Sigmund barely misses you.
You thump Sigmund! Your headbutt misses Sigmund.
Sigmund is severely wounded.
Sigmund hits you but does no damage.
You barely miss Sigmund. Your headbutt misses Sigmund.
Sigmund is severely wounded.
Sigmund hits you with a +1 vampiric scythe!
* * * LOW HITPOINT WARNING * * *
You sock Sigmund!
Sigmund is almost dead.
You block Sigmund's attack.
You hit Sigmund but do no damage.
Sigmund is almost dead.
You completely miss Sigmund.
Sigmund is almost dead.
Sigmund hits you with a +1 vampiric scythe.
* * * LOW HITPOINT WARNING * * *
You barely miss Sigmund. You headbutt Sigmund.
You kill Sigmund!
Your Maces & Flails skill increases to level 4!
You have reached level 5!
Hit: a) +0 flail
Press: ? - help, Dir - move target
Okay, then.
Press: ? - help, v - describe, . - travel, g - get item
Items here: a +1 vampiric scythe; a +1 robe of fire resistance; a purple potion.
The floor, spattered with blood.
A dart slug comes into view.
The dart slug launches a dart at you. The slug dart hits you.
* * * LOW HITPOINT WARNING * * *
Things that are here:
a +1 vampiric scythe; a +1 robe of fire resistance; a purple potion You don't know any spells.
You don't know any spells.
You start resting.
A dart slug is nearby!
The dart slug launches a dart at you. The slug dart hits you.
You die...

#w# #..## #...##
#....## .#######
#.....## .......#
#.#......# #<#
#.....!.# #.#
########w######
#.######...@...........
#.##............#######
#.##.###.########
###.##.# #.# #.†....#
#.# ##.#.#..###.#
#....#......##
#..........#.#
#......###..##


You could see a dart slug.

Vanquished Creatures
  Sigmund (D:3)
  4 adders
  A gnoll (D:1)
  2 ball pythons (D:3)
  2 bats
  4 endoplasms
  5 goblins
  A hobgoblin (D:2)
  5 jackals (D:1)
  2 kobolds (D:1)
  3 quokkas
  2 frilled lizards
  3 rats
35 creatures vanquished.

Notes
Turn   | Place    | Note
-------+----------+-------------------------------------------
     0 | D:1      | Losyloc the Minotaur Fighter began the quest for the Orb.
     0 | D:1      | Reached XP level 1. HP: 19/19 MP: 0/0
   252 | D:1      | Reached XP level 2. HP: 27/27 MP: 1/1
   806 | D:1      | Reached XP level 3. HP: 26/33 MP: 2/2
  1772 | D:3      | Reached skill level 1 in Dodging
  1772 | D:3      | Reached XP level 4. HP: 32/41 MP: 3/3
  1849 | D:3      | Noticed Sigmund
  1861 | D:3      | Killed Sigmund
  1862 | D:3      | Reached XP level 5. HP: 3/47 MP: 4/4
  1862 | D:3      | HP: 1/47 [dart slug/slug dart (3)]
  1873 | D:3      | Killed from afar by a dart slug

Illustrated notes

Levels and vault maps discovered:
D:1:      evilmike_arrival_crescent, layout_loops_ring,
          amcnicky_mini_corridor_feature, minmay_pentomino_s2
D:2:      layout_basic
D:3:      layout_loops_ring, dreamdust_ecumenical_altar_statues,
          chequers_serial_rivers_micro_d, wad_orctagon, uniq_grinder,
          uniq_sigmund

Skill      XL: |  1  2  3  4 |
---------------+-------------+-----
Maces & Flails | 3 4 |  4.5
Fighting       | 4 |  4.7
Armour         | 4 |  4.9
Shields        | 4 |  4.2
Dodging        | 1 |  1.7
Stealth        | |  0.4

Action                   |  1- 3 |  4- 6 || total
-------------------------+-------+-------++-------
Melee: Flail             |    62 |    14 ||    76
       Headbutt          |    11 |     3 ||    14
  Use: Scroll            |     1 |       ||     1
       Potion            |       |     1 ||     1
Armor: Scale mail        |    26 |     3 ||    29
Dodge: Dodged            |    39 |     2 ||    41
Block: Buckler           |    10 |     3 ||    13
